Map: Ruins of Seras

Players

lesha - Winner!

  • Race: Terran Terran

A.I. 1 (Hard)

  • Race: Terran Terran

VOD

Have the link to the VOD?

Description

Time

  • Played on: Dec. 2, 2015, 11 a.m.
  • Length: 13:32
Show
View Real Time Build Order
Export as new Build Order

lesha Terran - Winner!

Build Orders: MMM Bio 

Get SALT Encoding   

  12  0:03  SCV  
  13  0:15  SCV  
  14  0:23  Supply Depot  
  14  0:31  SCV  
  15  0:44  SCV  
  15  0:47  Barracks  
  16  0:56  SCV  
  17  1:08  SCV  
  18  1:12  Refinery  
  18  1:20  SCV  
  19  1:30  Command Center  
  19  1:38  Orbital Command  
  19  1:44  Marine  
  20  1:53  Supply Depot  
  20  2:01  Marine  
  20  2:03  SCV  
  22  2:13  Refinery  
  22  2:32  Barracks  
  22  2:38  Barracks  
  22  2:44  SCV  
  22  2:45  SCV  
  24  2:58  Orbital Command  
  23  3:31  Barracks Reactor, Barracks Tech Lab  
  23  3:40  SCV  
  24  3:42  SCV  
  25  3:52  SCV  
  25  3:54  SCV  
  27  4:01  Barracks x2  
  27  4:03  Barracks  
  27  4:06  SCV x2  
  27  4:07  Engineering Bay  
  29  4:10  Engineering Bay  
  29  4:12  Barracks Reactor  
  29  4:14  Stimpack  
  29  4:18  SCV  
  29  4:19  SCV  
  31  4:26  Marine x2  
  31  4:27  Marine  
  34  4:39  Factory  
  34  4:40  Terran Infantry Weapons Level 1  
  34  4:44  Terran Infantry Armor Level 1  
  34  4:47  Marine x2  
  36  4:55  SCV x2  
  38  5:00  Barracks Reactor  
  38  5:01  Barracks Reactor  
  38  5:02  Barracks Reactor  
  38  5:13  Supply Depot x2  
  38  5:15  Supply Depot  
  38  5:21  SCV x2  
  40  5:29  Refinery  
  40  5:33  SCV x2  
  40  5:34  Refinery  
  42  5:38  Starport  
  42  5:41  Marine x4  
  42  5:42  Marine x4  
  49  5:46  Marine  
  51  6:03  Supply Depot  
  51  6:04  Marine x5  
  51  6:05  Marine x3  
  51  6:06  Supply Depot  
  51  6:08  Factory Reactor  
  59  6:15  Combat Shields  
  59  6:32  Marine x3  
  60  6:33  Marine x6  
  60  6:35  Marine x2  
  70  6:43  Starport Reactor  
  70  6:44  Armory  
  70  6:52  Starport  
  70  7:01  SCV x2  
  72  7:13  SCV x2  
  74  7:17  Command Center  
  74  7:25  SCV  
  75  7:45  Medivac  
  75  7:46  Medivac  
  79  7:51  Starport Reactor  
  79  7:53  Terran Infantry Weapons Level 2  
  79  7:54  Terran Infantry Armor Level 2  
  79  8:00  Marauder  
  79  8:01  Marine x5  
  86  8:11  Supply Depot  
  86  8:12  Supply Depot  
  86  8:13  Supply Depot x2  
  86  8:18  Supply Depot  
  86  8:20  Supply Depot  
  86  8:28  Medivac x2, Marine x8  
  86  8:29  Marauder  
  100  8:36  Medivac x2  
  100  8:41  Marine x2  
  104  8:46  Marine x3  
  109  8:58  Medivac x2, Orbital Command  
  113  9:03  SCV x2  
  115  9:15  SCV x2  
  117  9:27  SCV x2  
  117  9:28  Supply Depot  
  117  9:30  Supply Depot, Marine  
  117  9:31  Marine x7  
  122  9:32  Marine x3  
  122  9:37  Medivac x2  
  134  9:39  SCV x2  
  136  9:48  Marine x2  
  136  9:51  Supply Depot, SCV x2  
  140  9:54  Supply Depot  
  140  10:03  Refinery  
  140  10:05  Refinery  
  140  10:16  Starport  
  140  10:18  Terran Infantry Weapons Level 3, Terran Infantry Armor Level 3  
  140  10:35  Marine x4  
  144  11:00  Starport Tech Lab  
  144  11:03  Medivac x3  
  150  11:05  Marine, Medivac  
  150  11:06  Marine x6  
  150  11:07  Marine x4  
  163  11:14  Command Center  
  163  11:23  Marine x2  
  163  11:24  Marine x2  
  159  11:29  Command Center  
  154  12:32  Orbital Command  
Show
View Real Time Build Order
Export as new Build Order

A.I. 1 (Hard) Terran 

Build Orders: MMM Bio 

Get SALT Encoding   

  12  0:00  SCV  
  13  0:13  SCV  
  14  0:19  Supply Depot  
  14  0:25  SCV  
  15  0:41  SCV  
  16  0:43  Barracks  
  16  0:49  Refinery  
  16  0:53  SCV  
  17  1:05  SCV  
  18  1:17  SCV  
  19  1:21  Supply Depot  
  19  1:30  SCV, Marine  
  21  1:41  Barracks  
  21  1:43  Orbital Command  
  21  1:48  Barracks Tech Lab  
  21  1:49  Refinery  
  21  2:02  Factory  
  21  2:06  Marine  
  22  2:19  Supply Depot  
  22  2:24  Marine  
  22  2:28  Marine  
  24  2:42  Marine  
  25  2:48  Hellion  
  27  2:55  Supply Depot  
  27  2:56  Marine  
  28  3:06  Marine  
  29  3:15  Marine  
  30  3:24  Marine  
  31  3:29  Supply Depot  
  31  3:33  Marine  
  32  3:37  SCV  
  33  3:43  Marauder  
  35  3:49  SCV  
  35  3:50  Engineering Bay  
  35  3:53  Hellion  
  38  4:01  SCV  
  39  4:05  Marauder  
  41  4:13  SCV  
  41  4:14  Hellion  
  44  4:18  Supply Depot  
  44  4:25  SCV  
  45  4:35  Hellion  
  45  4:37  SCV  
  48  4:57  Hellion  
  50  6:28  Barracks Tech Lab  
  50  6:29  Terran Infantry Weapons Level 1, Stimpack  
  50  6:31  Factory Tech Lab, Factory  
  50  6:33  Starport  
  50  6:35  Starport  
  50  6:36  Command Center  
  50  6:37  Missile Turret  
  50  6:39  Missile Turret  
  50  6:41  Supply Depot  
  50  6:46  Combat Shields  
  50  6:50  Siege Tank  
  53  7:01  Bunker  
  53  7:04  Supply Depot  
  53  7:08  Armory  
  53  7:10  Viking  
  53  7:11  Starport Tech Lab  
  53  7:15  Factory Tech Lab  
  55  7:20  Barracks  
  53  7:23  Cyclone  
  51  7:31  Raven  
  51  7:34  Marine  
  54  7:41  Starport Tech Lab  
  54  7:46  Marine  
  54  7:48  SCV  
  54  7:50  SCV  
  57  7:58  Thor  
  57  7:59  Refinery  
  57  8:00  SCV  
  57  8:01  Missile Turret  
  57  8:02  SCV, Missile Turret  
  65  8:07  Raven  
  65  8:08  Refinery  
  68  8:12  SCV  
  68  8:14  SCV  
  69  8:23  Terran Infantry Armor Level 1, Bunker  
  69  8:24  SCV  
  69  8:26  SCV  
  71  8:28  Sensor Tower  
  71  8:32  Barracks Reactor  
  71  8:37  SCV  
  71  8:38  SCV  
  73  8:49  SCV  
  73  8:51  SCV  
  75  9:01  SCV  
  76  9:03  SCV  
  77  9:13  SCV  
  77  9:15  SCV  
  79  9:25  SCV  
  80  11:09  Siege Tank, Terran Infantry Weapons Level 2, Medivac x2  
  87  11:11  Supply Depot  
  87  11:14  Siege Tank  
  87  11:17  Engineering Bay  
  90  11:19  Command Center  
  90  11:20  Marine  
  90  11:21  Terran Vehicle Weapons Level 1  
  60  11:26  Marine  
  60  11:32  Marine  
  56  11:38  Marine  
  56  11:39  Raven, Medivac  
  61  11:43  Marine  
  62  11:49  Marine  
  63  11:55  Marine  
  63  12:01  Siege Tank  
  67  12:07  Hellion  
  69  12:09  Raven  
  69  12:12  Supply Depot, Marine  
  72  12:22  Raven  
  74  12:28  Hellion  
  76  12:33  SCV, Siege Tank  
  76  12:34  SCV  
  76  12:36  SCV  
  78  12:45  SCV, Refinery  
  78  12:48  SCV  
  78  12:49  Siege Tank  
  78  12:50  Ghost Academy  
  74  12:51  Marauder  
  74  12:52  Viking  
  74  12:55  Marauder  
  74  12:57  SCV  
  65  13:05  Hellion  
  65  13:09  SCV, Supply Depot  
  65  13:10  Marine  
  38  13:14  Marine  
Tags
 
Composition
MMM BioMMM Bio
Matchup
TvT
Race
Terran
Add a new tag
Caveats
  • Supply blocks, unpowered buildings, or Contaminate may cause inaccurate times.
  • Supply counts are checked every 10 seconds.